 Dungeon Crawl Stone Soup version 0.17.1-1-g73c8601 (webtiles) character file.

67 Beldrama the Firebug (level 4, -6/24 HPs)
             Began as a Gargoyle Fire Elementalist on Dec 13, 2015.
             Killed by divine providence
             ... invoked by an orc priest
              (12 damage)
             ... on level 3 of the Dungeon on Dec 15, 2015.
             The game lasted 00:10:29 (1747 turns).

Beldrama the Firebug (Gargoyle Fire Elementalist)   Turns: 1747, Time: 00:10:29

Health: -6/24      AC:  5    Str: 12    XL:     4   Next: 18%
Magic:  0/7        EV: 12    Int: 14    God:
Gold:   65         SH:  0    Dex:  8    Spells: 2 memorised, 3 levels left

rFire  . . .     SeeInvis .     (no weapon)
rCold  . . .     Clarity  .     a - +0 robe
rNeg   + . .     SustAt   .     (no shield)
rPois  ∞         Gourm    .     (helmet restricted)
rElec  +         Spirit   .     (no cloak)
rCorr  .         Warding  .     (no gloves)
rMut   .         Stasis   .     (no boots)
MR     .....                    (no amulet)
Stlth  ++........               (no ring)
                                (no ring)

@: very slightly contaminated, not resistant to hostile enchantments, unstealthy
A: horns 1, clumsy 1, dopey 1, negative energy resistance 1, electricity
resistance, unbreathing, petrification resistance, rot immunity, AC +3
a: no special abilities


You were on level 3 of the Dungeon.
You were hungry.

You visited 1 branch of the dungeon, and saw 3 of its levels.

You collected 65 gold pieces.

Inventory:

Armour
 a - a +0 robe (worn)
Jewellery
 d - an uncursed ring of protection from cold {unknown}
Scrolls
 e - a scroll of amnesia
 f - a scroll of fog
 g - 5 scrolls of identify
Books
 b - a book of Flames

   Spells                             Type                      Level
   a - Flame Tongue                   Conjuration/Fire             1
   b - Throw Flame                    Conjuration/Fire             2
   c - Conjure Flame                  Conjuration/Fire             3
   d - Inner Flame                    Hexes/Fire                   3
   e - Sticky Flame                   Conjuration/Fire             4
   f - Fireball                       Conjuration/Fire             5
Comestibles
 c - 2 bread rations
 h - 7 chunks of flesh


   Skills:
 * Level 0.9 Fighting
 * Level 2.1 Dodging
 - Level 2.1 Stealth
 * Level 2.4 Spellcasting
 * Level 1.9 Conjurations
 * Level 3.7 Fire Magic


You had 3 spell levels left.
You knew the following spells:

 Your Spells              Type           Power        Failure   Level  Hunger
a - Flame Tongue          Conj/Fire      #....        10%         1    #......
b - Conjure Flame         Conj/Fire      #.......     24%         3    ###....


Dungeon Overview and Level Annotations

Branches:
Dungeon (3/15)

Altars:


Innate Abilities, Weirdness & Mutations

You are resistant to torment.
Your stone body is resilient (AC +3).
You are immune to poison.
You resist negative energy.
You are resistant to electric shocks.
You can survive without breathing.
You are immune to petrification.
You are immune to rotting.
You have a pair of small horns on your head.
You are clumsy. (Dex -2)
You are dopey. (Int -2)


Message History

Casting: Flame Tongue
Confirm with . or Enter, or press ? or * to list all spells.
Aiming: Flame Tongue
Press: ? - help, Shift-Dir - straight line, f/p - orc priest
Aim: an orc priest, wearing a ring mail (moderately wounded)
You miscast Flame Tongue.
You have a brief vision of globes of primordial fire.
The orc priest invokes the aid of Beogh against you.
Something smites you!
* * * LOW HITPOINT WARNING * * *
Read which item? (? for menu, Esc to quit)
Okay, then.
You aren't carrying any potions.
You aren't carrying any items that can be evoked.
Unknown command.
You are feeling hungry.
The orc priest calls down the wrath of Beogh upon you.
Something smites you!
Ouch! That really hurt!
You die...

▒▒▒∙∙∙▒∙∙∙∙∙∙)
▒∙∙∙∙∙∙∙∙∙▒
▒∙∙∙∙∙∙▒∙▒∙▒
∙∙∙∙∙∙∙▒∙∙∙▒
∙o∙∙∙∙∙▒▒∙∙▒ ▒▒
▒∙▒▒▒▒∙∙∙∙∙▒▒
▒▒▒∙▒ ▒
▒▒▒∙∙∙∙▒▒▒∙<∙▒
▒▒▒▒▒∙∙∙o∙▒∙∙∙▒
▒∙∙∙∙∙∙∙∙∙@∙∙▒▒
▒∙∙∙∙∙∙∙∙∙∙∙∙>∙▒
∙∙∙∙∙∙∙∙∙∙∙∙∙∙∙▒
∙∙∙∙∙∙∙∙∙∙∙∙∙∙▒▒
∙∙∙∙∙∙∙∙∙∙∙∙∙∙▒
∙∙∙∙∙∙∙∙∙∙∙∙∙∙∙▒
∙∙∙∙∙∙∙∙∙∙∙∙∙∙▒▒
∙∙∙∙∙∙∙∙∙∙∙∙▒▒
▒∙∙∙∙∙∙∙∙∙∙∙∙∙


You could see an orc priest.

Vanquished Creatures
  3 adders (D:2)
  A giant gecko (D:1)
  6 bats
  A giant cockroach (D:1)
  5 hobgoblins
  3 jackals (D:2)
  A quokka (D:3)
  A giant newt (D:2)
  7 goblins
  4 kobolds
  5 rats
37 creatures vanquished.

Notes
Turn   | Place    | Note
--------------------------------------------------------------
     0 | D:1      | Beldrama the Gargoyle Fire Elementalist began the quest for the Orb.
     0 | D:1      | Reached XP level 1. HP: 10/10 MP: 3/3
   210 | D:1      | Reached XP level 2. HP: 14/16 MP: 0/5
   610 | D:1      | Gained mutation: You are clumsy. (Dex -2) [potion of mutation]
   610 | D:1      | Gained mutation: You have a pair of small horns on your head. [potion of mutation]
   610 | D:1      | Gained mutation: You are dopey. (Int -2) [potion of mutation]
  1022 | D:2      | Reached XP level 3. HP: 17/20 MP: 0/6
  1298 | D:2      | Learned a level 3 spell: Conjure Flame
  1567 | D:2      | Reached XP level 4. HP: 18/24 MP: 0/7
  1747 | D:3      | Killed from afar by an orc priest

Action                   |  1- 3 |  4- 6 || total
-------------------------+-------+-------++-------
Melee: Unarmed           |    66 |       ||    66
 Cast: Flame Tongue      |    69 |    11 ||    80
       Conjure Flame     |     1 |       ||     1
  Use: Scroll            |     3 |     1 ||     4
       Potion            |     2 |       ||     2
  Eat: Chunk             |     4 |       ||     4
